 Dungeon Crawl Stone Soup version 0.29.0-3-gbb0933ed62 (webtiles) character file.

Game seed: 5555123476332488499

87 themarg the Insei (level 4, 0/34 HPs)
             Began as a Gnoll Transmuter on Aug 25, 2022.
             Succumbed to an orc's poison
             ... on level 3 of the Dungeon.
             The game lasted 00:05:42 (2576 turns).

themarg the Insei (Gnoll Transmuter)                Turns: 2576, Time: 00:05:43

Health: 0/34       AC:  2    Str:  9    XL:     4   Next: 51%
Magic:  8/11       EV: 22    Int: 15    God:
Gold:   91         SH:  0    Dex: 17    Spells: 7/13 levels left

rFire   . . .      SeeInvis .     - Unarmed
rCold   . . .      Faith    .   (shield currently unavailable)
rNeg    . . .      Spirit   .   (body armour currently unavailable)
rPois   x          Reflect  .   (helmet currently unavailable)
rElec   .          Harm     .   (cloak currently unavailable)
rCorr   .          Rampage  .   (gloves currently unavailable)
Will    .....                   (boots currently unavailable)
Stlth   ++........              (no amulet)
HPRegen 0.11/turn               f - ring of wizardry
MPRegen 0.12/turn               (no ring)

@: lethally poisoned (0 -> -10), spider-form
A: venomous fangs, tiny, (fangs 1), strong nose, distributed training
a: End Transformation


You were on level 3 of the Dungeon.
You were a venomous arachnid creature.
You visited 1 branch of the dungeon, and saw 3 of its levels.

You collected 91 gold pieces.

Inventory:

Hand Weapons
 r - a +1 vorpal falchion (melded)
Armour
 a - a +0 robe (melded)
 p - a +0 helmet (melded)
Jewellery
 f - a ring of wizardry (left front leg)
Scrolls
 d - 3 scrolls of vulnerability {unknown}
 e - a scroll of fear {unknown}
 j - a scroll of blinking {unknown}
 m - a scroll of teleportation {unknown}
 n - a scroll of poison {unknown}
 o - 3 scrolls of identify {unknown}
 q - a scroll of enchant armour {unknown}
 u - a scroll of torment {unknown}
Potions
 b - 2 potions of lignification
 c - 2 potions of ambrosia {unknown}
 g - a potion of mutation {unknown}
 h - a potion of curing {unknown}
 i - a potion of brilliance {unknown}
 k - a potion of haste {unknown}
 l - a potion of degeneration {unknown}
 s - a potion of attraction {unknown}
 t - a potion of resistance {unknown}


   Skills:
 + Level 2.8 Fighting
 + Level 1.2 Short Blades
 + Level 1.2 Long Blades
 + Level 1.2 Axes
 + Level 1.2 Maces & Flails
 + Level 1.2 Polearms
 + Level 1.2 Staves
 + Level 1.2 Ranged Weapons
 + Level 1.2 Throwing
 + Level 1.2 Armour
 + Level 4.7 Dodging
 + Level 1.2 Stealth
 + Level 1.2 Shields
 + Level 6.6 Unarmed Combat
 + Level 5.1 Spellcasting
 + Level 1.0 Conjurations
 + Level 1.0 Hexes
 + Level 1.0 Summonings
 + Level 1.0 Necromancy
 + Level 1.0 Translocations
 + Level 3.9 Transmutations
 + Level 1.0 Fire Magic
 + Level 1.0 Ice Magic
 + Level 1.0 Air Magic
 + Level 1.0 Earth Magic
 + Level 1.0 Poison Magic
 + Level 1.3 Invocations
 + Level 1.2 Evocations


You had 7 spell levels left.
You knew the following spells:

 Your Spells              Type           Power      Damage    Failure   Level
a - Beastly Appendage     Tmut           30%        N/A       4%          1
b - Wereblood             Tmut           15%        N/A       6%          2
c - Spider Form           Tmut/Pois      11%        N/A       16%         3

Your spell library contained the following spells:

 Spells                   Type           Power      Damage    Failure   Level
 Ice Form                 Ice/Tmut       11%        N/A       38%         4


Dungeon Overview and Level Annotations

Branches:
Dungeon (3/15)

Altars:
Uskayaw

Shops:
D:1 =


Innate Abilities, Weirdness & Mutations

You are a venomous arachnid creature.
You have poisonous fangs.
You are tiny and dextrous.
Your spellcasting is less reliable in this form.
Your armour is entirely melded.
You are incapable of wielding weapons or throwing items.
((You have very sharp teeth.))
Your uncanny sense of smell can sniff out nearby items.
Your experience applies equally to all skills.


Message History

You now have 82 gold pieces (gained 6).
t - a coppery potion
Found a stone staircase leading down.
There is a stone staircase leading down here.
You now have 91 gold pieces (gained 9).
u - a scroll labelled BIEVVOLEAZY
Found a human skeleton.
An orc comes into view.
It is wielding the +5 sling of the Sea {venom, rN+ Will++ Int-3}.
Found five human skeletons and 3 boomerangs.
The orc grunts repeatedly.
The orc shoots a sling bullet.
The sling bullet hits you!
You are poisoned.
Casting: Spider Form (dangerous; 8% risk of failure)
Confirm with . or Enter, or press ? or * to list all spells.
You turn into a venomous arachnid creature.
Your +1 vorpal falchion melds into your body.
Your +0 helmet melds into your body.
Your +0 robe melds into your body.
You feel very sick.
The orc shoots a sling bullet.
The sling bullet completely misses you.
Found a human skeleton.
You feel very sick.
The orc shoots a sling bullet.
The sling bullet hits you.
You are lethally poisoned!
Found a human skeleton.
Found a faded altar of an unknown god.
You feel very sick.
The orc shoots a sling bullet.
The sling bullet misses you.
* * * LOW HITPOINT WARNING * * *
You feel very sick.
The orc shoots a sling bullet.
The sling bullet barely misses you.
You see here a human skeleton.
* * * LOW HITPOINT WARNING * * *
You feel very sick.
The orc unwields the +5 sling of the Sea {venom, rN+ Will++ Int-3}.
It stops dripping with poison.
The orc wields a +0 dagger.
The orc misses you.
You hit the orc but do no damage.
The orc is poisoned.
* * * LOW HITPOINT WARNING * * *
You feel sick. The orc hits you with a +0 dagger.
* * * LOW HITPOINT WARNING * * *
You barely miss the orc.
You die...

#.###..## ##.# #..
##.....## #.# ##<
#.......# #.#####)
....#####.## #...##..
... #..### ###..... .
#.######...# ###..##.
#...8.8.8#...# #.....#.
##....÷÷.#..####.###...
##.÷.s..#.......# ##..
#..÷o..#..###### ##.
#(.....# . #. #.÷...÷#
## .. #.......# #..
#.#÷..._# #.####### .


You could see an orc (very poisoned).

Vanquished Creatures
  2 adders
  3 worms
  3 dart slugs
  4 orcs (D:3)
  3 bats
  5 endoplasms
  4 giant cockroaches
  A goblin (D:1)
  A hobgoblin (D:2)
  4 jackals (D:2)
  7 kobolds
  A quokka (D:1)
  A ball python (D:2)
  A frilled lizard (D:3)
  7 rats
47 creatures vanquished.

Notes
Turn   | Place    | Note
-------+----------+-------------------------------------------
     0 | D:1      | themarg the Gnoll Transmuter began the quest for the Orb.
     0 | D:1      | Reached XP level 1. HP: 17/17 MP: 6/6
   122 | D:1      | Reached XP level 2. HP: 23/23 MP: 5/7
   125 | D:1      | Learned a level 2 spell: Wereblood
   561 | D:1      | Reached skill level 5 in Spellcasting
   561 | D:1      | Reached XP level 3. HP: 24/28 MP: 6/9
   629 | D:1      | Found Negraix's Jewellery Emporium.
  1140 | D:2      | Reached skill level 1 in Invocations
  1375 | D:2      | Reached skill level 1 in Short Blades
  1375 | D:2      | Reached skill level 1 in Long Blades
  1375 | D:2      | Reached skill level 1 in Axes
  1375 | D:2      | Reached skill level 1 in Maces & Flails
  1375 | D:2      | Reached skill level 1 in Polearms
  1375 | D:2      | Reached skill level 1 in Staves
  1375 | D:2      | Reached skill level 1 in Ranged Weapons
  1375 | D:2      | Reached skill level 1 in Throwing
  1375 | D:2      | Reached skill level 1 in Armour
  1375 | D:2      | Reached skill level 1 in Stealth
  1375 | D:2      | Reached skill level 1 in Shields
  1375 | D:2      | Reached skill level 1 in Evocations
  1480 | D:2      | Found a hide-covered altar of Uskayaw.
  2165 | D:2      | Reached XP level 4. HP: 34/34 MP: 9/11
  2444 | D:2      | Learned a level 3 spell: Spider Form
  2473 | D:3      | Reached skill level 1 in Conjurations
  2473 | D:3      | Reached skill level 1 in Hexes
  2473 | D:3      | Reached skill level 1 in Summonings
  2473 | D:3      | Reached skill level 1 in Necromancy
  2473 | D:3      | Reached skill level 1 in Translocations
  2473 | D:3      | Reached skill level 1 in Fire Magic
  2473 | D:3      | Reached skill level 1 in Ice Magic
  2473 | D:3      | Reached skill level 1 in Air Magic
  2473 | D:3      | Reached skill level 1 in Earth Magic
  2473 | D:3      | Reached skill level 1 in Poison Magic
  2569 | D:3      | Identified the +5 sling of the Sea {venom, rN+ Will++
                  | Int-3}
  2572 | D:3      | Found a faded altar of an unknown god.
  2576 | D:3      | Succumbed to an orc's poison

Illustrated notes

Levels and vault maps discovered:
D:1:      evilmike_arrival_rings, layout_basic, serial_bayou,
          serial_bayou_shore_a, serial_bayou_pond_e, serial_bayou_pond_b,
          serial_bayou_pond_e, serial_shops, nicolae_shop_hallway_stairs,
          serial_bayou_lagoon_b
D:2:      layout_basic, basic_altar, minmay_misc_feat_enclosed,
          dreamdust_mushroom_princess, hangedman_abyss_or_decor_lesser_grid
D:3:      layout_rooms, shapermc_ecumenical_altar_pompeii, nicolae_titane

Skill      XL: |  1  2  3  4 |
---------------+-------------+-----
Spellcasting   | 5 |  5.1
Invocations    | 1 |  1.3
Short Blades   | 1 |  1.2
Long Blades    | 1 |  1.2
Axes           | 1 |  1.2
Maces & Flails | 1 |  1.2
Polearms       | 1 |  1.2
Staves         | 1 |  1.2
Ranged Weapons | 1 |  1.2
Throwing       | 1 |  1.2
Armour         | 1 |  1.2
Stealth        | 1 |  1.2
Shields        | 1 |  1.2
Evocations     | 1 |  1.2
Conjurations   | 1 |  1.0
Hexes          | 1 |  1.0
Summonings     | 1 |  1.0
Necromancy     | 1 |  1.0
Translocations | 1 |  1.0
Fire Magic     | 1 |  1.0
Ice Magic      | 1 |  1.0
Air Magic      | 1 |  1.0
Earth Magic    | 1 |  1.0
Poison Magic   | 1 |  1.0
Fighting       | |  2.8
Dodging        | |  4.7
Unarmed Combat | |  6.6
Transmutations | |  3.9

Action                   |  1- 3 |  4- 6 || total
-------------------------+-------+-------++-------
Melee: Unarmed           |     9 |    22 ||    31
       Kick              |    28 |     1 ||    29
       Whip              |     8 |       ||     8
       Headbutt          |     7 |     1 ||     8
       Bite              |     8 |       ||     8
       Short sword       |    60 |       ||    60
       Punch             |     3 |       ||     3
       Falchion          |     5 |     4 ||     9
 Cast: Beastly Appendage |    23 |     2 ||    25
       Wereblood         |     1 |     1 ||     2
       Spider Form       |       |     3 ||     3
 Stab: Sleeping          |     1 |     1 ||     2
Armor: Robe              |    14 |       ||    14
Dodge: Dodged            |    42 |    23 ||    65
